Unix NetHack Version 3.7.0-101 Work-in-progress - last build Mar 4 2024 02:26:32 (3c4ac04b664b9ee0831c739617f054b5b60dbfd1,branch:master). Game began 2024-03-17 15:09:33, ended 2024-03-18 08:28:35. elenmirie, neutral female gnomish Archeologist --- |.. ----..- |...... -- --...... .-- |....... --- -.-- -....... ----.---..| ...... --.....|...---- -....---........G....| .--- -...B@....|0.......--...| ---- |........---....^....--.-- |.. ---.....-- ---...*.......| |.- ------- -----.......| --.| ---.....---..| -.--.......| 0--|..<..>.| |.......-- ---...*..- |.......| ------.-- -- Elenmirie the Field Worker St:13 Dx:11 Co:14 In:16 Wi:15 Ch:9 Neutral Dlvl:4 $:39 HP:0(30) Pw:21(21) AC:7 Xp:3/64 T:1588 Latest messages: You miss the lichen. You kill the lichen! You hear crashing rock. You are in full health. You feel agile! You must have been working on your reflexes. The giant bat just misses! The giant bat bites! You miss the giant bat. The giant bat bites! The giant bat misses! You lash the giant bat. The giant bat bites! The giant bat bites! You miss the giant bat. The giant bat bites! The giant bat bites! You lash the giant bat. The giant bat bites! You lash the giant bat. The giant bat bites! The giant bat bites! Are you sure you want to pray? [yn] (n) y You begin praying to Camaxtli. You are surrounded by a shimmering light. The giant bat starts to attack you, but pulls back. The giant bat starts to attack you, but pulls back. You finish your prayer. You feel that Camaxtli is well-pleased. You feel much better. The giant bat bites! The giant bat bites! You miss the giant bat. The giant bat bites! You hear rumbling in the distance. The giant bat bites! You miss the giant bat. The giant bat bites! The giant bat bites! You miss the giant bat. The giant bat misses! The giant bat bites! You miss the giant bat. The giant bat bites! You die... Do you want your possessions identified? [ynq] (y) y Do you want to see your attributes? [ynq] (y) y Do you want an account of creatures vanquished? [ynaq] (y) y Do you want to see your conduct and achievements? [ynq] (y) y Do you want to see the dungeon overview? [ynq] (y) y Inventory: Coins $ - 39 gold pieces Weapons u - an uncursed +0 dagger a - an uncursed +2 bullwhip (weapon in right hand) Armor c - an uncursed +0 fedora (being worn) n - an uncursed +0 pair of kicking boots (being worn) o - an uncursed +0 oilskin cloak (being worn) b - an uncursed +0 leather jacket (being worn) Comestibles d - 7 uncursed food rations s - an uncursed lembas wafer Wands l - an uncursed wand of nothing (0:3) k - an uncursed wand of speed monster (0:4) Tools w - an uncursed sack containing 6 items v - an uncursed wooden flute t - an uncursed tinning kit (0:95) Gems/Stones g - an uncursed touchstone Contents of the sack: 2 uncursed scrolls of confuse monster an uncursed scroll of enchant weapon an uncursed scroll of light an uncursed scroll of magic mapping an uncursed spellbook of remove curse an uncursed +0 pick-axe Elenmirie the Archeologist's attributes: Background: You were a Field Worker, a level 3 female gnomish Archeologist. You were neutral, on a mission for Camaxtli who was opposed by Quetzalcoatl (lawful) and Huhetotl (chaotic). You were right-handed. You were in the Gnomish Mines, on level 4. You entered the dungeon 1588 turns ago. You had 64 experience points, 16 more were needed to attain level 4. Basics: You had 0 out of 30 hit points. You had all 21 energy points (spell power). Your armor class was 7. Your wallet contained 39 zorkmids. Autopickup was on for '$' plus thrown. Final Characteristics: Your strength was 13 (limit:18/50). Your dexterity was 11 (limit:18). Your constitution was 14 (limit:18). Your intelligence was 16 (limit:19). Your wisdom was 15 (limit:18). Your charisma was 9 (limit:18). Final Status: You weren't hungry. You were unencumbered. You were wielding a whip. You had basic skill with whip. Final Attributes: You were devoutly aligned. You had automatic searching. You had infravision. You were guarded. You are dead. Miscellaneous: You encountered 1 bones level. Total elapsed playing time was 38 minutes and 17 seconds. Major events: Turn 1: elenmirie the neutral female gnomish Archeologist entered the dungeon 1346: attained the rank of Field Worker (level 3) 1426: entered the Gnomish Mines 1588: killed by a giant bat Vanquished creatures: a gnome leader a hobbit a giant rat a yellow mold a red mold a gecko 3 jackals a fox a kobold 2 goblins 2 sewer rats a grid bug 2 bats 7 lichens a kobold zombie 7 newts 33 creatures vanquished. No species were genocided or became extinct. Voluntary challenges: You read items or engraved 3 times. You never engraved Elbereth. You never genocided any monsters. You never polymorphed an object. You never changed form. You used no wishes. Achievements: You entered a shop. You attained the rank of Field Worker. You entered the Gnomish Mines. The Dungeons of Doom: levels 1 to 4 Level 1: Level 2: Some fountains. Level 3: Stairs down to The Gnomish Mines. Level 4: Final resting place for Qwesti-Arc-Dwa-Mal-Law, killed by a boulder. The Gnomish Mines: Level 4: <- You were here. Final resting place for you, killed by a giant bat. Game over: ---------- / \ / REST \ / IN \ / PEACE \ / \ | elenmirie | | 39 Au | | killed by a | | giant bat | | | | | | 2024 | *| * * * | * _________)/\\_//(\/(/\)/\//\/|_)_______ Goodbye elenmirie the Archeologist... You died in The Gnomish Mines on dungeon level 4 with 442 points, and 39 pieces of gold, after 1588 moves. You were level 3 with a maximum of 30 hit points when you died.